 Dungeon Crawl Stone Soup version 0.29.0-4-gdea44cf6ec (webtiles) character file.

Game seed: 9544357262506570735

145 qw the Chopper (level 5, -3/30 HPs)
             Began as a Tengu Warper on Aug 28, 2022.
             Killed by nerve-wracking pain
             ... invoked by Grinder
              (8 damage)
             ... on level 3 of the Dungeon.
             The game lasted 00:00:14 (3106 turns).

qw the Chopper (Tengu Warper)                       Turns: 3106, Time: 00:00:14

Health: -3/30      AC: 11    Str: 13      XL:     5   Next: 27%
Magic:  9/9        EV:  4    Int: 17      God:
Gold:   783        SH:  0    Dex: 11 (12) Spells: 8/8 levels left

rFire   . . .      SeeInvis .   Y - +0 war axe
rCold   + . .      Faith    .   (no shield)
rNeg    . . .      Spirit   .   h - +1 plate armour
rPois   .          Reflect  .   (helmet restricted)
rElec   .          Harm     .   (no cloak)
rCorr   .          Rampage  .   (no gloves)
Will    .....                   (boots unavailable)
Stlth   ..........              (no amulet)
HPRegen 0.10/turn               c - ring of protection from cold
MPRegen 0.11/turn               (no ring)

@: about to teleport, flying quickly and evasively, quick
A: beak, talons 3, nimble flight, clever 1, deterioration 1
a: no special abilities


You were on level 3 of the Dungeon.
You visited 1 branch of the dungeon, and saw 3 of its levels.

You collected 1074 gold pieces.
You spent 291 gold pieces at shops.


Innate Abilities, Weirdness & Mutations

You have a beak for a mouth.
You have claws for feet.
Your magical nature lets you fly swiftly and evasively.
Your mind is acute. (Int +4, Str/Dex -1)
Your body sometimes deteriorates upon taking damage.


   Skills:
 - Level 2.0 Fighting
 + Level 5.5 Axes
 - Level 1.0 Throwing
 - Level 2.0 Armour
 - Level 2.1 Dodging
 - Level 2.0 Spellcasting
 - Level 2.4 Translocations


You had 8 spell levels left.
You didn't know any spells.
Your spell library contained the following spells:

 Spells                   Type           Power      Damage    Failure   Level
 Blink                    Tloc           18%        N/A       100%        2
 Gell's Gravitas          Tloc           9%         N/A       100%        3
 Lesser Beckoning         Tloc           9%         N/A       100%        3
 Teleport Other           Tloc           9%         N/A       100%        3
 Manifold Assault         Tloc           9%         N/A       100%        5

Inventory:

Hand Weapons
 g - a +2 mace of draining
 Y - a +0 war axe (weapon)
Missiles
 o - 2 boomerangs (quivered)
Armour
 h - a +1 plate armour (worn)
Jewellery
 c - a ring of protection from cold (left hand)
 d - a ring of ice
Scrolls
 e - a scroll of identify
Potions
 b - a potion of haste {unknown}
 f - a potion of magic {unknown}
 i - a potion of mutation
 j - 2 potions of curing {unknown}
 k - a potion of heal wounds
 l - a potion of ambrosia {unknown}
 n - a potion of degeneration {unknown}

Dungeon Overview and Level Annotations

Branches:
Dungeon (3/15)

Altars:
Xom

Shops:
D:3 *

Annotations:
D:3 Grinder


Message History

You throw a boomerang. The boomerang hits the goblin.
The goblin is severely wounded.
Throw: 2 boomerangs
Press: ? - help, Q - select action Shift-Dir - straight line, f/p - goblin You throw a boomerang.
The boomerang misses the goblin.
You slash the goblin!
You kill the goblin!
You see here a +0 dagger.
You see here a +0 dagger.
You see here a +0 plate armour.
Grinder comes into view.
Grinder shouts!
Enter note: Grinder hits you.
You writhe in agony.
You barely miss Grinder. You claw Grinder.
Grinder is lightly wounded.
Grinder hits you but does no damage.
You closely miss Grinder. Your peck misses Grinder.
Grinder is lightly wounded.
Grinder hits you but does no damage.
You hit Grinder. Your kick misses Grinder. You peck Grinder.
Grinder is moderately wounded.
Grinder hits you but does no damage.
You closely miss Grinder. Your kick misses Grinder. Your peck misses Grinder.
Grinder is moderately wounded.
Grinder hits you.
You writhe in agony.
Your body deteriorates!
You feel clumsy.
You hit Grinder. You claw Grinder.
Grinder is heavily wounded.
Grinder gestures at you. You resist with significant effort. Grinder hits you.
You writhe in agony.
You barely miss Grinder. You claw Grinder, but do no damage.
Grinder is heavily wounded.
Grinder hits you.
You writhe in agony.
3106 ||| READING scroll of teleportation.
As you read the scroll of teleportation, it crumbles to dust.
You feel strangely unstable. Grinder gestures at you.
Pain shoots through your body!
You die...

#.#.########..# #.#####
##............# #..<..#
####.###.###.###.###.#
#.##.......##.# #.#
#.##..........# #.#
#.######.##.####..#### #.#
#........##....#....# #.#
######....................
#...##@...##.#.####.#
#..###5#####.#.# #.# ?...#
#.# #.#.# ####.# #.# #.# #
#.# #.. ..# #.# ### #.


You could see Grinder.

Vanquished Creatures
  Natasha (thrice) (D:3)
  An adder (D:2)
  A worm (D:2)
  3 dart slugs (D:2)
  5 ball pythons
  2 endoplasms (D:2)
  2 giant cockroaches
  4 goblins
  7 hobgoblins
  3 jackals (D:3)
  4 kobolds
  3 quokkas (D:1)
  3 bats
  A frilled lizard (D:2)
  11 rats
53 creatures vanquished.

Notes
Turn   | Place    | Note
-------+----------+-------------------------------------------
     0 | D:1      | qw the Tengu Warper began the quest for the Orb.
     0 | D:1      | Reached XP level 1. HP: 12/12 MP: 4/4
     0 | D:1      | 0 ||| qw: Version: 0.1-a-89-g26bdef1
     0 | D:1      | 0 ||| qw: Game counter: 1334
     0 | D:1      | 0 ||| qw: Always use a shield: true
     0 | D:1      | 0 ||| qw: God list: Okawaru
     0 | D:1      | 0 ||| qw: Allow faded altars: false
     0 | D:1      | 0 ||| qw: Do Orc after D:15 true
     0 | D:1      | 0 ||| qw: Do second Lair branch before Depths: true
     0 | D:1      | 0 ||| qw: Lair rune preference: random
     0 | D:1      | 0 ||| qw: Plans: Normal
     0 | D:1      | 0 ||| PLANNING D:1-11
   193 | D:1      | Found a faded altar of an unknown god.
   210 | D:1      | Reached skill level 3 in Axes
   210 | D:1      | Reached XP level 2. HP: 12/17 MP: 6/6
  1264 | D:1      | 1264 ||| UPGRADING to +0 plate armour.
  1274 | D:1      | 1274 ||| DROPPING +0 leather armour.
  1275 | D:1      | 1275 ||| READING scroll labelled NUISUN QIURALO.
  1275 | D:1      | Identified a scroll of acquirement
  1275 | D:1      | 1275 ||| ACQUIRING 937 gold pieces
  1275 | D:1      | Acquired 937 gold pieces
  1277 | D:1      | 1277 ||| READING scroll labelled WYSYZO MAMI.
  1282 | D:1      | 1282 ||| READING scroll labelled NEKLUKH KIDET.
  1283 | D:1      | 1283 ||| DRINKING 2 fizzy black potions.
  1283 | D:1      | Gained mutation: Your mind is acute. (Int +4, Str/Dex -1)
                  | [potion of mutation]
  1283 | D:1      | Gained mutation: Your body sometimes deteriorates upon
                  | taking damage. [potion of mutation]
  1284 | D:1      | 1284 ||| DROPPING scroll of blinking.
  1308 | D:2      | Reached XP level 3. HP: 17/21 MP: 7/7
  1361 | D:2      | 1361 ||| DROPPING +0 club.
  1379 | D:2      | 1379 ||| Stepping ~*~*~tactically~*~*~ (hiding).
  1390 | D:2      | Reached skill level 4 in Axes
  1448 | D:2      | 1448 ||| Stepping ~*~*~tactically~*~*~ (stealth).
  1449 | D:2      | 1449 ||| Stepping ~*~*~tactically~*~*~ (stealth).
  1528 | D:2      | Found a shimmering altar of Xom.
  1541 | D:2      | 1541 ||| SWAPPING to +0 war axe.
  1545 | D:2      | 1545 ||| DROPPING +0 hand axe.
  1950 | D:2      | Identified the +0 ring mail of the Lion {+Inv Str-2 Dex+9
                  | Slay-3}
  2201 | D:2      | Reached XP level 4. HP: 26/26 MP: 8/8
  2379 | D:2      | 2379 ||| UPGRADING to ring of protection from cold.
  2380 | D:2      | 2380 ||| READING 2 scrolls labelled GONAME ODWUISK.
  2381 | D:2      | 2381 ||| READING scroll labelled PIRIMOTSYP.
  2382 | D:2      | 2382 ||| READING scroll labelled CUSTRU BIUL.
  2447 | D:3      | Found Icve's General Store.
  2449 | D:3      | 2449 ||| READING scroll of enchant armour.
  2449 | D:3      | 2449 ||| ENCHANTING +0 plate armour.
  2458 | D:3      | 2458 ||| BUYING +2 mace of draining (226 gold).
  2458 | D:3      | Bought a +2 mace of draining for 226 gold pieces
  2458 | D:3      | 2458 ||| BUYING potion of heal wounds (65 gold).
  2458 | D:3      | Bought a potion of heal wounds for 65 gold pieces
  2458 | D:3      | 2458 ||| DROPPING +0 whip.
  2552 | D:3      | 2552 ||| Stepping ~*~*~tactically~*~*~ (stealth).
  2557 | D:3      | 2557 ||| Stepping ~*~*~tactically~*~*~ (stealth).
  2596 | D:3      | Noticed Natasha
  2603 | D:3      | Killed Natasha
  2704 | D:3      | Noticed Natasha
  2710 | D:3      | Killed Natasha
  2711 | D:3      | Reached skill level 5 in Axes
  2711 | D:3      | Gained mutation: Your magical nature lets you fly swiftly
                  | and evasively. [Tengu growth]
  2711 | D:3      | Reached XP level 5. HP: 26/30 MP: 9/9
  2867 | D:3      | Noticed Natasha
  2868 | D:3      | 2868 ||| Stepping ~*~*~tactically~*~*~ (stealth).
  2872 | D:3      | 2872 ||| Stepping ~*~*~tactically~*~*~ (stealth).
  2875 | D:3      | Killed Natasha
  3098 | D:3      | Noticed Grinder
  3105 | D:3      | HP: 5/30 [Grinder (4)]
  3106 | D:3      | 3106 ||| READING scroll of teleportation.
  3106 | D:3      | Killed from afar by Grinder

Levels and vault maps discovered:
D:1:      psy_arrival_spokes, layout_loops_corners,
          hellmonk_ecumenical_altar_run_dry, minmay_tetromino_s4
D:2:      layout_basic, basic_altar, minmay_door_square, minmay_vboxes
D:3:      layout_loops_ring, serial_shops, nicolae_shop_crystal, goddamned_bats,
          uniq_natasha, uniq_grinder

Skill      XL: |  1  2  3  4 |
---------------+-------------+-----
Axes           | 3 4 5 |  5.5
Armour         | 2 |  2.0
Fighting       | |  2.0
Throwing       | |  1.0
Dodging        | |  2.1
Spellcasting   | |  2.0
Translocations | |  2.4

Action                   |  1- 3 |  4- 6 || total
-------------------------+-------+-------++-------
Melee: Hand axe          |    65 |       ||    65
       Kick              |    20 |     7 ||    27
       Peck              |    11 |     3 ||    14
       War axe           |    18 |    30 ||    48
Throw: Boomerang         |     7 |    14 ||    21
  Use: Scroll            |     3 |     5 ||     8
       Potion            |     1 |       ||     1
Armor: Leather armour    |     9 |       ||     9
       Plate armour      |    32 |    15 ||    47
Dodge: Dodged            |    13 |     2 ||    15

Table legend:
 A = Non-vault XP
 B = Vault XP
 C = Vault XP percentage of total XP
 D = Non-vault monster count
 E = Vault monster count
 F = Vault count percentage of total count
                 A         B        C        D         E       F
            +---------+---------+-------+---------+---------+-------
      Total |     157 |      51 |  24.5 |      45 |       8 |  15.1
            +---------+---------+-------+---------+---------+-------
        D:1 |      33 |       0 |   0.0 |      20 |       0 |   0.0
        D:2 |      41 |      16 |  28.1 |      17 |       7 |  29.2
        D:3 |      83 |      35 |  29.7 |       8 |       1 |  11.1
            +---------+---------+-------+---------+---------+-------
